 Dungeon Crawl Stone Soup version 0.31-a0-836-g3ceb0a68c4 (webtiles) character file.

Game seed: 9200426670142437478

14858 Joey1 the Severer (level 11, -10/160 HPs)
             Began as a Minotaur Berserker on Sept 26, 2023.
             Was a High Priest of Trog.
             Mangled by a komodo dragon (21 damage)
             ... on level 2 of the Lair of Beasts.
             The game lasted 00:28:45 (9605 turns).

Joey1 the Severer (Minotaur Berserker)              Turns: 9605, Time: 00:28:45

Health: -10/160    AC: 29    Str: 27    XL:     11   Next: 94%
Magic:  10/10      EV:  2    Int:  4    God:    Trog [*****.]
Gold:   1015       SH:  0    Dex:  9    Spells: 10/10 levels left

rFire   + . .        J - +0 war axe
rCold   . . .        (no shield)
rNeg    . . .        G - melded +1 leather armour of Vufirgh {-Cast rC+ Regen+ Dex+5}
rPois   +            R - melded +1 hat {Int+3}
rElec   .            w - melded +0 cloak
rCorr   .            (gloves currently unavailable)
SInv    .            K - melded +0 pair of boots
Will    ++...        m - amulet of faith
Stlth   +            O - ring of protection from fire
HPRegen 1.46/turn    t - +4 ring of protection
MPRegen 0.12/turn

%: faith
@: mighty, tree-form, strong-willed, on berserk cooldown, regenerating, slowed,
very slow
A: stationary, stasis, torment immunity, boosted hp, (horns 2), (retaliatory
headbutt)
a: Renounce Religion, Berserk, Trog's Hand, Brothers in Arms


You were on level 2 of the Lair of Beasts.
You worshipped Trog.
Trog was extremely pleased with you.
You were a tree.
You visited 2 branches of the dungeon, and saw 11 of its levels.
You also visited: Ossuary.

You collected 1015 gold pieces.

Inventory:

Hand Weapons
 a - a +0 hand axe
 C - a +3 morningstar
 J - a +0 war axe (weapon)
Missiles
 x - 36 poisoned darts
 I - 2 throwing nets
 Q - 6 javelins
Armour
 b - a +0 animal skin
 e - a +0 chain mail
 w - a +0 cloak (melded)
 G - the +1 leather armour of Vufirgh (melded) {-Cast rC+ Regen+ Dex+5}
   (You found it on level 6 of the Dungeon)

   Dex+5:     It affects your dexterity (+5).
   rC+:       It protects you from cold.
   -Cast:     It prevents spellcasting.
   Regen+:    It increases your rate of health regeneration.
 H - +0 swamp dragon scales
 K - a +0 pair of boots (melded)
 R - a +1 hat of intelligence (melded)
Jewellery
 m - an amulet of faith (around neck)
 o - a ring of resist corrosion
 t - a +4 ring of protection (right branch)
 u - a ring of flight
 y - a +6 ring of strength
 M - a +6 ring of dexterity
 O - a ring of protection from fire (left branch)
Wands
 D - a wand of mindburst (14)
 P - a wand of roots (9)
Scrolls
 c - 3 scrolls of enchant weapon
 d - 4 scrolls of poison
 f - a scroll of immolation
 i - a scroll of noise {unknown}
 k - 5 scrolls of teleportation
 n - 2 scrolls of blinking
 r - a scroll of torment {unknown}
 v - a scroll of revelation {unknown}
 B - a scroll of fog {unknown}
 F - 4 scrolls of enchant armour
 L - 2 scrolls of amnesia {unknown}
Potions
 g - 2 potions of lignification
 h - 2 potions of cancellation
 l - 7 potions of curing
 p - a potion of mutation
 q - 2 potions of attraction
 s - a potion of invisibility {unknown}
 z - 2 potions of brilliance {unknown}
 A - a potion of might
 E - a potion of berserk rage {unknown}
 S - a potion of enlightenment {unknown}
Miscellaneous
 N - a lightning rod (4/4)


   Skills:
 + Level 13.1 Fighting
 - Level 16.0 Axes
 + Level 6.3 Throwing
 - Level 3.0 Armour
 - Level 5.0 Dodging
 - Level 5.0 Evocations


You had 10 spell levels left.
You didn't know any spells.
Your spell library was empty.

Dungeon Overview and Level Annotations

Branches:
Dungeon (9/15)             Temple (0/1) D:4            Lair (2/5) D:8
Ossuary (visited)
  Swamp: Lair:2-3    Shoals: Lair:2-3     Snake: Lair:2-3    Spider: Lair:2-3
    Orc: D:9-12

Altars:
Elyvilon
Fedhas
Vehumet
Wu Jian

Annotations:
D:6 1 runed translucent door, Crazy Yiuf


Innate Abilities, Weirdness & Mutations

You are a tree.
Your roots penetrate the ground, keeping you stationary.
You cannot be teleported.
You are immune to unholy pain and torment.
Your maximum health is greatly increased.
Your equipment is partially melded.
((You have a pair of horns on your head.))
((You reflexively headbutt those who attack you in melee.))


Message History

* * * LOW HITPOINT WARNING * * *
The komodo dragon bites you.
* * * LOW HITPOINT WARNING * * *
You slash the water moccasin!
You kill the water moccasin!
Trog accepts your kill.
You barely miss the komodo dragon. You closely miss the cane toad.
You feel sick. The cane toad stings you!
* * * LOW HITPOINT WARNING * * *
The komodo dragon bites you but does no damage.
You slash the komodo dragon!
The komodo dragon is lightly wounded.
You slash the cane toad!
You kill the cane toad!
Trog accepts your kill.
You feel sick. The komodo dragon bites you!
* * * LOW HITPOINT WARNING * * *
You barely miss the komodo dragon.
The komodo dragon is lightly wounded.
You feel sick.
The komodo dragon bites you but does no damage.
You barely miss the komodo dragon.
The komodo dragon is lightly wounded.
You feel sick.
The komodo dragon bites you but does no damage.
You slice the komodo dragon!!
The komodo dragon is heavily wounded.
You feel sick.
The komodo dragon completely misses you.
You closely miss the komodo dragon.
The komodo dragon is heavily wounded.
You hear the faint crackling of a very distant melting archway.
You feel sick.
You are no longer poisoned.
The komodo dragon bites you.
* * * LOW HITPOINT WARNING * * *
You slash the komodo dragon!
The komodo dragon is almost dead.
The komodo dragon bites you!!
You die...

#..... .#.... .....
.## .... ..# #..## .
###.##.⌠.#####..
..........#..?..
⌠......♣.⌠......
.........†l.#....#
.#..##.##.⌠.##....##
#.....##...#........
##....#....##.....#
#.....##...# .....#
..#.....#...##..P.##
#.....#......#.#..###
#.⌠.......†........


You could see a komodo dragon.

Vanquished Creatures
  Gastronok (D:9)
  A boulder beetle (D:7)
  A two-headed ogre (D:7)
  3 death yaks
  A black mamba (Lair:1)
  4 cane toads
  A gargoyle (D:8)
  An unseen horror (D:7)
  A kobold demonologist (D:7)
  2 komodo dragons (Lair:1)
  Maggie (D:6)
  Grinder (D:5)
  2 raiju (D:8)
  A slime creature (D:7)
  A wyvern (Lair:1)
  6 yaks (Lair:1)
  5 steam dragons
  A basilisk (Lair:1)
  Menkaure (D:7)
  An acid dragon (D:6)
  3 water moccasins
  An orc warrior (D:7)
  3 ice beasts
  A sky beast (D:7)
  A black bear (D:6)
  4 centaurs
  2 wolves (Lair:2)
  3 phantoms
  2 elf zombies (Ossuary)
  A gnoll sergeant (D:6)
  A kobold brigand (D:8)
  4 bullfrogs
  4 scorpions
  10 wights
  4 killer bees (D:8)
  4 howler monkeys
  3 electric eels (D:8)
  2 human zombies (Ossuary)
  2 centaur zombies (Ossuary)
  An orc priest (D:5)
  2 sleepcaps
  Jessica (D:2)
  An iguana (D:4)
  5 orc wizards
  4 mummies
  2 hound zombies (Ossuary)
  A killer bee simulacrum (D:7)
  10 gnolls (D:6)
  4 adders
  2 river rats (D:8)
  A shadow imp (D:7)
  2 white imps (D:7)
  6 adder zombies (Ossuary)
  4 worms
  2 dart slugs
  20 orcs
  4 ball pythons
  7 endoplasms
  A giant cockroach (D:3)
  2 gnoll zombies (Ossuary)
  5 goblins
  9 hobgoblins
  6 jackals
  5 quokkas
  3 bats
  8 frilled lizards
  3 goblin zombies (Ossuary)
  6 hobgoblin zombies (Ossuary)
  2 jackal zombies (Ossuary)
  23 kobolds
  2 kobold zombies (Ossuary)
  2 quokka zombies (Ossuary)
  7 rats
  4 rat zombies (Ossuary)
258 creatures vanquished.

Vanquished Creatures (collateral kills)
  A centaur warrior (D:7)
  A slime creature (D:7)
  A wyvern (D:7)
  A yak (D:7)
  An orc (D:7)
5 creatures vanquished.

Vanquished Creatures (others)
  A kobold brigand (D:8)
  2 kobolds (D:8)
3 creatures vanquished.

Grand Total: 266 creatures vanquished

Notes
Turn   | Place    | Note
-------+----------+-------------------------------------------
     0 | D:1      | Joey1 the Minotaur Berserker began the quest for the Orb.
     0 | D:1      | Reached XP level 1. HP: 19/19 MP: 0/0
   218 | D:1      | Reached XP level 2. HP: 25/27 MP: 1/1
   265 | D:1      | Reached skill level 4 in Axes
   921 | D:1      | Reached XP level 3. HP: 33/33 MP: 2/2
  1049 | D:2      | Reached ** piety under Trog
  1262 | D:2      | Noticed Jessica
  1271 | D:2      | Killed Jessica
  1272 | D:2      | Reached XP level 4. HP: 27/40 MP: 3/3
  1807 | D:3      | Reached skill level 5 in Axes
  2099 | D:3      | Found a blossoming altar of Fedhas.
  2338 | D:4      | Reached XP level 5. HP: 35/47 MP: 4/4
  2529 | D:4      | Reached skill level 5 in Fighting
  2529 | D:4      | Reached skill level 6 in Axes
  2687 | D:4      | Found a staircase to the Ecumenical Temple.
  2930 | D:4      | Reached *** piety under Trog
  3085 | D:5      | Entered Level 5 of the Dungeon
  3149 | D:5      | Reached XP level 6. HP: 56/56 MP: 5/5
  3328 | D:5      | Noticed a steam dragon
  3455 | D:6      | Noticed an ice beast
  3493 | D:6      | Found a sand-covered staircase.
  3499 | Ossuary  | Entered an ossuary
  3677 | Ossuary  | Reached skill level 7 in Axes
  3763 | Ossuary  | Reached XP level 7. HP: 61/61 MP: 6/6
  3859 | Ossuary  | Reached skill level 8 in Axes
  3859 | Ossuary  | Reached skill level 5 in Dodging
  3924 | Ossuary  | Reached **** piety under Trog
  3949 | D:6      | Reached skill level 9 in Axes
  4074 | D:6      | Reached XP level 8. HP: 68/68 MP: 7/7
  4085 | D:6      | Reached skill level 10 in Axes
  4158 | D:6      | Identified the +2 robe of Marbles {Str+3 Stlth+}
  4222 | D:6      | Reached skill level 11 in Axes
  4587 | D:6      | Noticed Maggie
  4596 | D:6      | Killed Maggie
  4597 | D:6      | Reached skill level 12 in Axes
  4921 | D:6      | Identified the +1 leather armour of Vufirgh {-Cast rC+
                  | Regen+ Dex+5}
  5092 | D:6      | Found a runed translucent door.
  5093 | D:6      | Noticed Crazy Yiuf
  5632 | D:5      | Reached XP level 9. HP: 74/74 MP: 8/8
  5638 | D:5      | Reached skill level 13 in Axes
  5785 | D:5      | Found an ornate altar of the Wu Jian Council.
  5928 | D:5      | Noticed Grinder
  5935 | D:5      | Killed Grinder
  6225 | D:7      | Reached skill level 14 in Axes
  6508 | D:7      | Noticed Menkaure
  6574 | D:7      | Killed Menkaure
  7309 | D:8      | Reached ***** piety under Trog
  7319 | D:8      | Reached XP level 10. HP: 66/93 MP: 9/9
  7351 | D:8      | Found a radiant altar of Vehumet.
  7447 | D:8      | Reached skill level 10 in Fighting
  7447 | D:8      | Reached skill level 1 in Evocations
  7623 | D:8      | Noticed a death yak
  7625 | D:8      | Noticed a death yak
  7665 | D:7      | Noticed a sun demon
  7728 | D:7      | Noticed a centaur warrior
  7728 | D:7      | Noticed a boulder beetle
  7741 | D:7      | Killed a centaur warrior
  7742 | D:7      | Reached skill level 5 in Evocations
  7761 | D:7      | Killed a boulder beetle
  7762 | D:7      | Reached skill level 15 in Axes
  7884 | D:7      | Noticed a two-headed ogre
  7892 | D:7      | Killed a two-headed ogre
  8048 | D:8      | Found a staircase to the Lair.
  8055 | D:8      | Reached skill level 16 in Axes
  8055 | D:8      | Reached XP level 11. HP: 99/99 MP: 10/10
  8545 | D:8      | Identified the +4 scale mail of Pathos {*Slow rC+++ rCorr
                  | Int+4}
  8927 | D:8      | Found a white marble altar of Elyvilon.
  8948 | D:8      | Noticed a death yak
  8959 | D:7      | Killed a death yak
  8960 | D:7      | Reached skill level 1 in Throwing
  8996 | D:8      | Killed a death yak
  9037 | D:8      | Killed a death yak
  9037 | D:8      | Received a gift from Trog
  9074 | D:9      | Noticed Gastronok
  9093 | D:9      | Killed Gastronok
  9192 | Lair:1   | Entered Level 1 of the Lair of Beasts
  9246 | Lair:1   | Reached skill level 5 in Throwing
  9552 | Lair:1   | You fall into a shaft and drop 1 floor!
  9605 | Lair:2   | Mangled by a komodo dragon

Illustrated notes

Levels and vault maps discovered:
D:1:      psy_arrival_statuary, layout_basic, lexackson_kobold_supper
D:2:      layout_loops_cross, uniq_jessica
D:3:      layout_rooms, mainiacjoe_overflow_small_starburst
D:4:      layout_gridville, minmay_temple_entry_arrows, minmay_starry_boxes
D:5:      layout_loops_corners, nicolae_wu_jian_immortal_techniques,
          uniq_grinder
D:6:      layout_basic, gup_ossuary_entry_pyramid, uniq_crazy_yiuf_cottage,
          uniq_maggie
D:7:      minmay_klotski, layout_basic, uniq_menkaure
D:8:      layout_gridville, nicolae_vehumet_altar_sigil, kennysheep_mini,
          dpeg_lair_monsters, nicolae_have_a_lightning_rod
D:9:      layout_rooms, lemuel_round_altar, uniq_gastronok
Lair:1:   layout_loops_ring
Lair:2:   dreamdust_isle_of_ice, layout_regular_city, swamp_mist_pool,
          spider_nest_entry_rubble, portal_ice_cave_entry_pillars_1,
          serial_bayou_shore_b, grunt_megastairs_1, lemuel_fruit_tree,
          serial_bayou_shore_a

Skill      XL: |  1  2  3  4  5  6  7  8  9 10 11 |
---------------+----------------------------------+-----
Axes           | 4 5 6 7 9 12 14 16 | 16.0
Fighting       | 4 5 9 10 13 | 13.1
Armour         | 3 |  3.0
Dodging        | 3 4 5 |  5.0
Evocations     | 5 |  5.0
Throwing       | 6 |  6.3

Action                     |  1- 3 |  4- 6 |  7- 9 | 10-12 || total
---------------------------+-------+-------+-------+-------++-------
  Melee: Hand axe          |    83 |   188 |   280 |    43 ||   594
         Headbutt          |    14 |    35 |    65 |    44 ||   158
         Punch             |       |     1 |     3 |     2 ||     6
         War axe           |       |       |       |   174 ||   174
 Invoke: Berserk           |     1 |       |     2 |     4 ||     7
         Trog's Hand       |       |     1 |     1 |     2 ||     4
         Brothers in Arms  |       |       |       |     2 ||     2
    Use: Scroll            |       |       |    12 |     1 ||    13
         Potion            |       |       |       |     4 ||     4
 Armour: Chain mail        |    67 |   145 |    99 |       ||   311
         Leather armour    |       |       |    73 |   150 ||   223
         Skin              |       |       |       |    31 ||    31
  Dodge: Dodged            |    30 |    89 |   113 |   113 ||   345

Table legend: (Time is in decaauts)
 A = Elapsed time spent in this place.
 B = Non-inter-level travel time spent in this place.
 C = Inter-level travel time spent in this place.
 D = Time resting spent in this place.
 E = Time spent auto-exploring this place.
 F = Levels seen in this place.
 G = Mean time per level.
                   A        B        C        D        E       F      G
               +--------+--------+--------+--------+--------+-----+--------+
         Total |   9527 |   8900 |    627 |    702 |   6013 |  12 |  793.9 |
       Dungeon |   8697 |   8070 |    627 |    611 |   5538 |   9 |  966.3 |
          Lair |    396 |    396 |      0 |     91 |    197 |   2 |  198.0 |
       Ossuary |    434 |    434 |      0 |      0 |    278 |   1 |  434.0 |
               +--------+--------+--------+--------+--------+-----+--------+

Top non-repeatable levels by time:
     D:6: 1682 daAuts
     D:7: 1481 daAuts
     D:8: 1326 daAuts
     D:1: 1043 daAuts
     D:5: 956 daAuts
     D:4: 815 daAuts
     D:2: 770 daAuts
     D:3: 537 daAuts
 Ossuary: 434 daAuts
  Lair:1: 345 daAuts
     D:9: 85 daAuts
  Lair:2: 50 daAuts
